 Dungeon Crawl Stone Soup version 0.32-a0-876-gcfddb08e57 (webtiles) character file.

Game seed: 3665015329057936536

237 funkygono the Firebug (level 5, -3/39 HPs)
             Began as a Mountain Dwarf Fire Elementalist on Apr 1, 2024.
             Slain by a gnoll sergeant
             ... wielding a +0 trident
              (7 damage)
             ... on level 4 of the Dungeon.
             The game lasted 00:06:54 (4858 turns).

funkygono the Firebug (MDFE)                        Turns: 4858, Time: 00:06:55

Health: -3/39      AC:  6    Str: 11    XL:     5   Next: 77%
Magic:  1/10       EV:  7    Int: 26    God:
Gold:   254        SH:  0    Dex: 10    Spells: 4/11 levels left

rFire   . . .        j - +1 whip (vamp)
rCold   . . .        (no shield)
rNeg    . . .        c - +0 scale mail "Levvin" {Int+3}
rPois   .            (no helmet)
rElec   .            (no cloak)
rCorr   .            (no gloves)
SInv    .            (no boots)
Will    .....        p - amulet of the acrobat Stlth
                     o - +6 ring of intelligence
HPRegen 0.26/turn    (no ring)
MPRegen 0.12/turn

%: acrobat
@: no status effects
A: runic magic, artefact enchanting
a: no special abilities


You were on level 4 of the Dungeon.
You visited 1 branch of the dungeon, and saw 5 of its levels.

You collected 254 gold pieces.

Inventory:

Hand Weapons
 j - a +1 vampiric whip (weapon)
 r - the +7 Throatcutter {drain, coup de grace}
   (You found it on level 3 of the Dungeon)
 w - a +1 whip of electrocution
Armour
 a - a +0 robe
 c - the +0 scale mail "Levvin" (worn) {Int+3}
   (You found it on level 2 of the Dungeon)

   Int+3:     It affects your intelligence (+3).
Jewellery
 o - a +6 ring of intelligence (left hand)
 p - an amulet of the acrobat (around neck)
Wands
 n - a wand of acid (7)
 q - a wand of mindburst (14)
 u - a wand of paralysis (6)
Scrolls
 f - 4 scrolls of teleportation {unknown}
 g - 3 scrolls of identify {unknown}
 k - a scroll of revelation {unknown}
 l - 4 scrolls of enchant weapon {unknown}
 m - a scroll of brand weapon {unknown}
 s - a scroll of fear {unknown}
 v - a scroll of enchant armour {unknown}
Potions
 b - a potion of magic
 d - a potion of lignification {unknown}
 e - a potion of haste {unknown}
 h - a potion of enlightenment {unknown}
 i - 3 potions of curing {unknown}
 t - a potion of heal wounds {unknown}


   Skills:
 + Level 0.5 Fighting
 + Level 0.1 Maces & Flails
 + Level 0.3 Armour
 + Level 1.6 Dodging
 + Level 1.7 Stealth
 + Level 3.5 Spellcasting
 + Level 1.7 Conjurations
 + Level 5.4 Fire Magic


You had 4 spell levels left.
You knew the following spells:

 Your Spells              Type           Power      Damage    Failure   Level
a - Foxfire               Conj/Fire      92%        2x1d8     3%          1
b - Scorch                Fire           64%        2d7       2%          2
c - Flame Wave            Conj/Fire      23%        2d8       32%         4

Your spell library contained the following spells:

 Spells                   Type           Power      Damage    Failure   Level
 Sting                    Conj/Alch      36%        1d5       10%         1
 Apportation              Tloc           8%         N/A       14%         1
 Necrotise                Necr           16%        1d4       14%         1
 Summon Small Mammal      Summ           16%        N/A       14%         1
 Inner Flame              Hex/Fire       18%        N/A       14%         3
 Volatile Blastmotes      Fire/Tloc      36%        2d13      14%         3


Dungeon Overview and Level Annotations

Branches:
Dungeon (5/15)
 Temple: D:4-7

Altars:

Shops:
D:2 (


Innate Abilities, Weirdness & Mutations

Your spellcasting is much less encumbered by armour.
You can use scrolls of enchantment on lesser artefacts.


Message History

The foxfire hits the gnoll sergeant but does no damage.
The gnoll sergeant is heavily wounded.
The foxfire hits the gnoll sergeant.
The gnoll sergeant is heavily wounded.
The gnoll sergeant hits you with a +0 trident.
Casting: Scorch (safe; 2% risk of failure)
Confirm with . or Enter, or press ? or * to list all spells.
You conjure some foxfire!
The gnoll sergeant hits you with a +0 trident.
Casting: Foxfire (safe; 3% risk of failure)
Confirm with . or Enter, or press ? or * to list all spells.
You don't have enough magic to cast this spell.
Unknown command.
You hit the gnoll sergeant but do no damage.
The gnoll sergeant is heavily wounded.
The foxfire hits the gnoll sergeant.
The gnoll sergeant is burned terribly!
The gnoll sergeant is severely wounded.
The foxfire hits the gnoll sergeant.
The gnoll sergeant is burned terribly!
The gnoll sergeant is severely wounded.
The gnoll sergeant hits you but does no damage.
You hit the gnoll sergeant.
The gnoll sergeant is almost dead.
The gnoll sergeant hits you with a +0 trident.
Casting: Foxfire (safe; 3% risk of failure)
Confirm with . or Enter, or press ? or * to list all spells.
You conjure some foxfire!
The gnoll sergeant completely misses you.
You hit the gnoll sergeant but do no damage.
The gnoll sergeant is almost dead.
The gnoll sergeant is no longer more vulnerable to fire.
The foxfire hits the gnoll sergeant but does no damage.
The gnoll sergeant is almost dead.
The foxfire hits the gnoll sergeant but does no damage.
The gnoll sergeant is almost dead.
The gnoll sergeant hits you with a +0 trident!
* * * LOW HITPOINT WARNING * * *
You completely miss the gnoll sergeant.
The gnoll sergeant is almost dead.
The gnoll sergeant hits you with a +0 trident!
You die...

##........##
##.......÷...
#..........##
##..###.......
#####''####...## ##..##
##......
##≈§≈..≈≈≈##...####...#
#......
#≈§§.....≈§##...##...##
#......
§≈.§......≈§##...#...#
#.....<
≈..........§§##.....##
###......
............§§##.[.##
#........
...≈≈≈≈≈≈...§§≈#@g.#
#########
..≈⌠....⌠≈....≈#.###
..§......≈....≈###
..§......≈....≈#
..≈......≈....≈#
..≈......≈....≈#
..≈§§§..⌠≈....≈# ###
.§.≈≈§≈≈≈....≈§# ###..
§...§§......≈≈## ##.##.


You could see a gnoll sergeant.

Vanquished Creatures
  An orc priest (D:3)
  A sleepcap (D:4)
  8 gnolls
  An adder (D:2)
  A white imp (D:4)
  4 dart slugs
  2 orcs (D:3)
  2 ball pythons
  A bat (D:1)
  10 endoplasms
  A giant cockroach (D:1)
  4 goblins
  6 hobgoblins
  8 jackals
  16 kobolds
  2 quokkas
  3 frilled lizards (D:3)
  5 rats
76 creatures vanquished.

Vanquished Creatures (others)
  235 foxfires
235 creatures vanquished.

Grand Total: 311 creatures vanquished

Notes
Turn   | Place    | Note
-------+----------+-------------------------------------------
     0 | D:1      | funkygono the Mountain Dwarf Fire Elementalist began the
                  | quest for the Orb.
     0 | D:1      | Reached XP level 1. HP: 14/14 MP: 3/3
   297 | D:1      | Reached skill level 1 in Conjurations
   297 | D:1      | Reached XP level 2. HP: 20/20 MP: 3/5
   445 | D:1      | Reached skill level 4 in Fire Magic
   627 | D:1      | Reached XP level 3. HP: 26/26 MP: 1/6
   720 | D:1      | Learned a level 2 spell: Scorch
  1734 | D:2      | Reached XP level 4. HP: 29/33 MP: 2/8
  1806 | D:2      | Found a faded altar of an unknown god.
  1807 | D:2      | You fall into a shaft and drop 2 floors!
  2189 | D:2      | Identified the +0 scale mail "Levvin" {Int+3}
  2812 | D:2      | Found Qotzi's Antique Weapon Boutique.
  2844 | D:2      | Reached XP level 5. HP: 39/39 MP: 6/9
  2905 | D:2      | Learned a level 4 spell: Flame Wave
  3271 | D:3      | Found the +7 Throatcutter {drain, coup de grace}
  3568 | D:4      | Reached skill level 5 in Fire Magic
  4713 | D:5      | Entered Level 5 of the Dungeon
  4858 | D:4      | Slain by a gnoll sergeant

Illustrated notes

Levels and vault maps discovered:
D:1:      shiori_arrival_oz, layout_basic
D:2:      layout_loops_corners, serial_shops, nicolae_shop_tiny_statue_garden,
          ebering_ecumenical_altar_ruins, grunt_ministairs_14,
          kennysheep_generic_room_10
D:3:      layout_rooms
D:4:      layout_layer_cave, dk_noncrumbling_3, kennysheep_big_empty_room
D:5:      layout_basic, mainiacjoe_overflow_catwalk_spiral, minmay_mini_ossuary

Skill      XL: |  1  2  3  4  5 |
---------------+----------------+-----
Spellcasting   | 2 3 |  3.5
Conjurations   | 1 |  1.7
Fire Magic     | 4 5 |  5.4
Fighting       | |  0.5
Maces & Flails | |  0.1
Armour         | |  0.3
Dodging        | |  1.6
Stealth        | |  1.7

Action                     |  1- 3 |  4- 6 || total
---------------------------+-------+-------++-------
  Melee: Whip              |     7 |     7 ||    14
   Cast: Foxfire           |    61 |    71 ||   132
         Scorch            |     7 |    17 ||    24
 Armour: Robe              |    30 |     5 ||    35
         Scale mail        |       |    30 ||    30
  Dodge: Dodged            |    22 |    30 ||    52

Table legend: (Time is in decaauts)
 A = Elapsed time spent in this place.
 B = Non-inter-level travel time spent in this place.
 C = Inter-level travel time spent in this place.
 D = Time resting spent in this place.
 E = Time spent auto-exploring this place.
 F = Levels seen in this place.
 G = Mean time per level.
                   A        B        C        D        E       F      G
               +--------+--------+--------+--------+--------+-----+--------+
         Total |   4858 |   4754 |    104 |      0 |   4136 |   5 |  971.6 |
       Dungeon |   4858 |   4754 |    104 |      0 |   4136 |   5 |  971.6 |
               +--------+--------+--------+--------+--------+-----+--------+

Top non-repeatable levels by time:
     D:1: 1511 daAuts
     D:2: 1497 daAuts
     D:4: 1178 daAuts
     D:3: 535 daAuts
     D:5: 136 daAuts
